 Dungeon Crawl Stone Soup version 0.23-a0-405-g368ce00 (webtiles) character file.

346795 nikopol the Executioner (level 21, -8/192 HPs)
             Began as a Minotaur Berserker on Nov 6, 2018.
             Was a High Priest of Trog.
             Mangled by an orc knight
             ... wielding a +0 glaive
              (22 damage)
             ... on level 1 of the Vaults.
             The game lasted 02:00:22 (43371 turns).

nikopol the Executioner (Minotaur Berserker)       Turns: 43371, Time: 02:00:22

Health: -8/192     AC: 27    Str: 29    XL:     21   Next: 20%
Magic:  12/12      EV: 12    Int: 11    God:    Trog [*****.]
Gold:   4046       SH:  0    Dex: 17    Spells: 22/22 levels left

rFire    + + .     SeeInvis +   a - +8 battleaxe "Ihoebb" {flame, rPois rF+ SInv}
rCold    + + .     Gourm    .   (shield currently unavailable)
rNeg     + . .     Faith    .   F - +1 plate armour {rPois}
rPois    +         Spirit   .   y - +0 hat of Okhiut {rPois rN+ Int-5}
rElec    .         Reflect  .   n - +0 cloak {rF+}
rCorr    +         Harm     .   i - +1 pair of gloves
MR       ++...                  K - +1 pair of boots of Kefy {rC++ MR- rCorr Int+9}
Stlth    ..........             Y - amulet of regeneration
HPRegen  1.82/turn              S - +3 ring of protection
MPRegen  0.13/turn              b - ring of Gioh {MP-9 Str+4 Int+3 Stlth+}

@: berserk cooldown, regenerating, slowed, very slow
A: retaliatory headbutt, horns 2
}: 2/15 runes: decaying, gossamer
a: Berserk, Trog's Hand, Brothers in Arms, Renounce Religion


You were on level 1 of the Vaults.
You worshipped Trog.
Trog was extremely pleased with you.
You were near starving.

You visited 6 branches of the dungeon, and saw 32 of its levels.
You also visited: Bailey and Volcano.

You collected 4046 gold pieces.

Inventory:

Hand Weapons
 a - the +8 battleaxe "Ihoebb" (weapon) {flame, rPois rF+ SInv}
   (Trog gifted it to you on level 2 of the Spider Nest)

   It has been specially enchanted to burn those struck by it, causing extra
   injury to most foes and up to half again as much damage against particularly
   susceptible opponents.
   Big, fiery blades are also staple armaments of hydra-hunters.
   It protects you from fire.
   It protects you from poison.
   It lets you see invisible.
 z - a +5 longbow of velocity
 N - a +5 antimagic battleaxe
Missiles
 h - 588 arrows
Armour
 i - a +1 pair of gloves (worn)
 n - a +0 cloak of fire resistance (worn)
 y - the +0 hat of Okhiut (worn) {rPois rN+ Int-5}
   (You found it on level 1 of the Spider Nest)

   It affects your intelligence (-5).
   It protects you from poison.
   It protects you from negative energy.
 F - a +1 plate armour of poison resistance (worn)
 K - the +1 pair of boots of Kefy (worn) {rC++ MR- rCorr Int+9}
   (You found it on level 3 of the Swamp)

   It affects your intelligence (+9).
   It greatly protects you from cold.
   It affects your resistance to hostile enchantments.
   It provides partial protection from all sources of acid and corrosion.
 M - a +2 hat
 V - the +4 scale mail "Axeobb" {*Drain *Slow MR+ Str+4 Dex+5}
   (You found it on level 3 of the Lair of Beasts)

   It affects your strength (+4).
   It affects your dexterity (+5).
   It affects your resistance to hostile enchantments.
   It causes draining when unequipped.
   It may slow you when you take damage.
Jewellery
 b - the ring of Gioh (right hand) {MP-9 Str+4 Int+3 Stlth+}
   (You acquired it on level 2 of the Spider Nest)

   [ring of stealth]

   It affects your strength (+4).
   It affects your intelligence (+3).
   It affects your magic capacity (-9).
   It makes you more stealthy.
 f - the ring "Pionlas" {rC+ Int+4 SInv}
   (You found it on level 4 of the Spider Nest)

   [ring of see invisible]

   It affects your intelligence (+4).
   It protects you from cold.
   It lets you see invisible.
 g - an uncursed amulet of the acrobat
 E - an uncursed ring of positive energy
 S - a +3 ring of protection (left hand)
 Y - an amulet of regeneration (around neck)
Wands
 p - a wand of iceblast (9)
 t - a wand of polymorph (50)
 J - a wand of flame (85)
 L - a wand of clouds (7)
 O - a wand of disintegration (34)
 R - a wand of paralysis (15)
 W - a wand of acid (5)
 X - a wand of enslavement (12)
Scrolls
 d - 10 scrolls of enchant armour
 j - 3 scrolls of identify
 l - 11 scrolls of remove curse
 m - a scroll of fog
 q - 3 scrolls of magic mapping
 r - 2 scrolls of silence
 v - 7 scrolls of blinking
 w - a scroll of brand weapon
 C - 4 scrolls of fear
 I - 13 scrolls of teleportation
Potions
 e - a potion of magic
 k - 10 potions of curing
 o - 7 potions of ambrosia
 s - 3 potions of invisibility
 u - 3 potions of cancellation
 x - 9 potions of heal wounds
 A - 8 potions of agility
 D - 5 potions of might
 G - 6 potions of haste
 H - 5 potions of lignification
 P - 5 potions of mutation
 Q - 4 potions of flight
 T - 5 potions of brilliance
 U - 4 potions of resistance
Comestibles
 c - 43 rations
 B - 10 chunks of flesh


   Skills:
 + Level 17.5 Fighting
 * Level 23.0 Axes
 * Level 20.8 Bows
 + Level 14.2 Armour
 + Level 7.0 Dodging
 + Level 3.6 Stealth
 - Level 1.1 Spellcasting
 - Level 1.4 Evocations


You had 22 spell levels left.
You didn't know any spells.
Your spell library was empty.

Dungeon Overview and Level Annotations

Branches:
Dungeon (15/15)            Temple (0/1) D:6            Lair (6/6) D:10
  Swamp (4/4) Lair:4       Spider (4/4) Lair:4        Slime (0/5) Lair:5
    Orc (2/2) D:12            Elf (0/3) Orc:2        Vaults (1/5) D:13
 Depths (0/5) D:15

Altars:
Cheibriados
Elyvilon
Gozag
Kikubaaqudgha
Makhleb
Ru
Sif Muna
Trog
Uskayaw
Vehumet
Wu Jian
Xom

Shops:
D:9 %   D:10 =}   D:11 ?   Orc:2 [:%*

Portals:
Pandemonium: Orc:2


Innate Abilities, Weirdness & Mutations

You reflexively headbutt those who attack you in melee.
You have a pair of horns on your head.


Message History

You headbutt the yaktaur!
The yaktaur is almost dead.
You slice the yaktaur!! You burn the yaktaur.
You feel the power of Trog in you as your rage grows.
You kill the yaktaur!
Trog accepts your kill. The orc knight misses you.
There is an open door, spattered with blood here.
Items here: (( ))) [[ ††† You feel a strong urge to attack something.
You feel your anger nearly subside.
You are no longer berserk.
You are exhausted.
You feel yourself slow down.
Okay, then.
Your skin crawls.
You feel resistant to hostile enchantments.
You are near starving!
The orc knight hits you from afar with a +0 glaive!!
You die...

...+..#.....#..###''#############
#'##..#.....#..#)................
'.##..#.....#..')................
#+##..####'##.)#.).[###########..
#()).)......#....# #..
#..).)......#....#.# #..
#...........#....#.## #..
#...........#....#..## #..
#......)....#@...#...## #..
#############....#....# #..
#..o.#...# #.. #....#))# #..
#...))(# #[. #....#)# #..
#....#)†...... #..
##############....###########..
#...)#.)#....#.................


You could see an orc knight.

Vanquished Creatures
  Saint Roka (Vaults:1)
  Nikola (Swamp:3)
  The ghost of eyesofgods1 the Warrior, an adept DsGl of Wu Jian (Spider:4)
  Frances (Swamp:2)
  A thorn hunter (Swamp:3)
  A sphinx (Vaults:1)
  The ghost of Zuproetha the Fencer, an adept DsWn of Okawaru (Spider:1)
  Roxanne (Spider:4)
  A vault warden (Vaults:1)
  2 orc warlords
  4 ghost moths
  Louise (D:14)
  5 emperor scorpions (Spider:4)
  An ironheart preserver (Vaults:1)
  A very ugly thing (Swamp:3)
  2 entropy weavers
  Nessos (D:14)
  Azrael (Spider:3)
  A deep elf death mage (Vaults:1)
  Josephine (D:14)
  A fire dragon (Lair:6)
  3 ogre magi (Vaults:1)
  2 yaktaur captains
  Erolcha (D:9)
  A catoblepas (Lair:2)
  An ice dragon (Lair:6)
  6 centaur warriors
  31 hydras
  A ghost crab (Swamp:4)
  3 shambling mangroves
  10 alligators
  2 dancing weapons (D:13)
  A death knight (Vaults:1)
  11 two-headed ogres
  3 death yaks (Lair:6)
  5 orc high priests
  Sonja (Orc:1)
  A deep elf knight (Vaults:1)
  A spectral emperor scorpion (Spider:4)
  A sixfirhy (Orc:2)
  4 skeletal warriors (D:15)
  4 unseen horrors
  3 lindwurms
  2 spriggan druids
  10 swamp dragons
  2 infernal demonspawn (Orc:2)
  5 deep elf magi
  7 orc knights
  A flayed ghost (Vaults:1)
  26 orb spiders
  3 wizards
  A harpy (shapeshifter) (D:15)
  3 ironbrand convokers (Vaults:1)
  7 orc sorcerers
  6 oklob plants
  A moth of wrath (Spider:4)
  21 wolf spiders
  14 ugly things
  5 cyclopes
  A manticore (D:15)
  3 elephants (Lair:5)
  3 vault sentinels (Vaults:1)
  7 torpor snails
  A torpor snail (shapeshifter) (D:13)
  5 black mambas
  3 orange demons (Orc:2)
  3 centaur skeletons
  3 molten gargoyles (Volcano)
  18 spiny frogs
  2 gargoyles (D:14)
  The ghost of p0werm0de the Insei, a novice DsTm of Ru (D:9)
  11 komodo dragons
  10 yaktaurs
  5 efreet
  6 rime drakes
  2 spectral redbacks (Spider:4)
  A rime drake (shapeshifter) (D:13)
  A yaktaur (shapeshifter) (D:15)
  13 demonic crawlers
  A tengu conjurer (D:14)
  2 entropy weaver simulacra (Spider:4)
  A hellwing (Orc:2)
  A harpy zombie (D:15)
  A wolf spider simulacrum (Spider:4)
  34 hornets
  24 jumping spiders
  9 tyrant leeches
  Grinder (D:5)
  3 polar bears
  6 trolls
  2 wind drakes (shapeshifter) (Vaults:1)
  22 slime creatures
  7 dream sheep (Lair:5)
  5 bog bodies
  A spectral tarantella (Spider:4)
  16 blink frogs
  9 hippogriffs
  A centaur simulacrum (D:14)
  58 redbacks
  A ynoxinul (Orc:2)
  2 vampires (D:14)
  3 wyverns
  7 wraiths
  47 yaks
  9 fire elementals
  A human (shapeshifter) (D:9)
  4 hungry ghosts (D:12)
  40 tarantellas
  10 basilisks
  2 steam dragons (Lair:6)
  2 two-headed ogre zombies (D:12)
  14 swamp worms
  36 vampire mosquitoes
  4 wargs
  8 insubstantial wisps
  3 hell hounds (Spider:3)
  A soldier ant (shapeshifter) (Vaults:1)
  2 acid dragons
  A soldier ant (D:14)
  18 water moccasins
  Duvessa (D:5)
  6 porcupines
  A tarantella simulacrum (Spider:4)
  18 swamp drakes
  A jumping spider simulacrum (Spider:4)
  4 sky beasts
  2 ice beasts
  2 eyes of draining
  A hornet zombie (D:15)
  52 orc warriors
  3 black bears
  5 phantoms
  2 necrophages
  11 wolves
  21 ogres
  8 centaurs
  12 crocodiles
  4 big kobolds
  14 bullfrogs
  An orb spider simulacrum (Spider:4)
  3 earth elementals (Volcano)
  Dowan (D:5)
  3 scorpions
  A troll zombie (D:12)
  A killer bee (D:12)
  13 wights
  4 electric eels
  2 howler monkeys
  2 vampire bats (D:2)
  3 crimson imps
  2 quasits
  6 jellies
  5 centaur zombies
  7 hounds
  2 bullfrog zombies
  36 orc priests
  27 orc wizards
  12 iguanas
  5 worker ants
  5 ogre zombies (D:12)
  A worker ant zombie (D:10)
  15 gnolls
  18 adders
  5 shadow imps
  4 oozes
  An adder zombie (D:6)
  2 worms
  2 dart slugs
  5 leopard geckos
  132 orcs
  3 bats
  2 bat skeletons (D:2)
  3 bat zombies (D:2)
  6 giant cockroaches
  33 goblins
  29 hobgoblins
  16 jackals
  2 quokkas
  2 ball pythons
  9 frilled lizards
  2 goblin skeletons (D:12)
  A hobgoblin skeleton (D:12)
  4 hobgoblin zombies (D:12)
  17 kobolds
  4 orc skeletons (D:12)
  14 orc zombies (D:12)
  A quokka skeleton (D:6)
  8 rats
  2 fire vortices (Volcano)
  4 plants
1414 creatures vanquished.

Vanquished Creatures (collateral kills)
  An emperor scorpion (Spider:4)
  3 hydras
  2 death yaks (Lair:6)
  A torturous demonspawn (Orc:2)
  An orc knight (Orc:2)
  6 orc sorcerers (Orc:2)
  A spiny frog (Lair:6)
  A hornet (Spider:4)
  5 yaks (Lair:6)
  A basilisk (Lair:1)
  An orc warrior (Orc:2)
23 creatures vanquished.

Vanquished Creatures (others)
  A blink frog (Swamp:2)
  A wraith (D:13)
  A vampire mosquito (Swamp:3)
  A sky beast (D:14)
  An orc wizard (D:13)
  2 orcs
  10 fungi
  13 plants
30 creatures vanquished.

Grand Total: 1467 creatures vanquished

Notes
Turn   | Place    | Note
-------+----------+-------------------------------------------
     0 | D:1      | nikopol the Minotaur Berserker began the quest for the Orb.
     0 | D:1      | Reached XP level 1. HP: 19/19 MP: 0/0
   120 | D:1      | Reached XP level 2. HP: 24/27 MP: 1/1
   123 | D:1      | Reached skill level 4 in Axes
   688 | D:2      | Reached ** piety under Trog
   688 | D:2      | Reached XP level 3. HP: 13/33 MP: 2/2
   962 | D:2      | Found a snail-covered altar of Cheibriados.
   994 | D:2      | Found an ornate altar of the Wu Jian Council.
  1026 | D:2      | Reached skill level 5 in Axes
  1085 | D:2      | Reached XP level 4. HP: 39/40 MP: 3/3
  1092 | D:2      | Found an ancient bone altar of Kikubaaqudgha.
  1101 | D:2      | Reached XP level 5. HP: 46/47 MP: 4/4
  1355 | D:2      | Reached skill level 6 in Axes
  1581 | D:3      | Found an opulent altar of Gozag.
  1699 | D:3      | Reached *** piety under Trog
  1766 | D:3      | Reached XP level 6. HP: 24/53 MP: 5/5
  1946 | D:3      | Reached skill level 5 in Fighting
  2441 | D:4      | Found a radiant altar of Vehumet.
  2442 | D:4      | Found a shimmering altar of Xom.
  2475 | D:4      | Reached skill level 7 in Axes
  2707 | D:4      | Reached XP level 7. HP: 62/62 MP: 6/6
  2841 | D:4      | Reached **** piety under Trog
  3174 | D:5      | Entered Level 5 of the Dungeon
  3225 | D:5      | Found a hide-covered altar of Uskayaw.
  3238 | D:5      | Noticed Grinder
  3238 | D:5      | Paralysed by Grinder for 6 turns
  3267 | D:5      | Paralysed by Grinder for 4 turns
  3315 | D:5      | Killed Grinder
  3315 | D:5      | Reached skill level 5 in Armour
  3358 | D:5      | Reached skill level 8 in Axes
  3418 | D:5      | Reached XP level 8. HP: 63/71 MP: 7/7
  3448 | D:5      | Found a deep blue altar of Sif Muna.
  3759 | D:5      | Noticed Duvessa
  3759 | D:5      | Noticed Dowan
  3767 | D:5      | Killed Dowan
  3770 | D:5      | Killed Duvessa
  4023 | D:6      | Reached skill level 9 in Axes
  4023 | D:6      | Reached skill level 1 in Stealth
  4199 | D:6      | Found a white marble altar of Elyvilon.
  4329 | D:6      | Reached ***** piety under Trog
  4339 | D:6      | Found a bloodstained altar of Trog.
  4350 | D:6      | Reached skill level 10 in Axes
  4477 | D:6      | Found a staircase to the Ecumenical Temple.
  4621 | D:6      | Received a gift from Trog
  4753 | D:7      | Reached XP level 9. HP: 79/79 MP: 2/8
  5334 | D:7      | Reached skill level 11 in Axes
  6154 | D:8      | Reached skill level 12 in Axes
  6411 | D:8      | Received a gift from Trog
  6784 | D:9      | Reached skill level 1 in Bows
  6847 | D:9      | Reached XP level 10. HP: 79/89 MP: 3/9
  7151 | D:9      | Found Gefaawon's Food Shop.
  7164 | D:9      | Found a sacrificial altar of Ru.
  7185 | D:9      | Noticed Erolcha
  7205 | D:9      | Killed Erolcha
  7205 | D:9      | Reached skill level 13 in Axes
  7314 | D:9      | Found a runed door.
  7315 | D:9      | Noticed p0werm0de's ghost (novice DsTm)
  7423 | D:9      | Killed p0werm0de's ghost
  7479 | D:10     | Entered Level 10 of the Dungeon
  7700 | D:10     | Found Dasalo's Gadget Emporium.
  7915 | D:10     | Killed an unseen horror
  8181 | D:10     | Noticed a white ugly thing
  8186 | D:10     | Killed a white ugly thing
  8186 | D:10     | Reached skill level 14 in Axes
  8186 | D:10     | Reached skill level 5 in Bows
  8203 | D:10     | Found Suptuta's Jewellery Shoppe.
  8241 | D:10     | Found a staircase to the Lair.
  8267 | D:10     | Received a gift from Trog
  8682 | D:11     | Reached ****** piety under Trog
  8734 | D:11     | Reached XP level 11. HP: 89/97 MP: 3/10
  8744 | D:11     | Reached skill level 5 in Dodging
  8846 | D:11     | Found Buapuec's Magic Scroll Emporium.
  9274 | D:12     | Noticed a two-headed ogre
  9284 | D:12     | Killed a two-headed ogre
  9666 | D:12     | Received a gift from Trog
  9730 | D:12     | Found a staircase to the Orcish Mines.
  9752 | D:12     | Reached skill level 15 in Axes
  9852 | D:12     | Found a large runed door.
  9853 | D:12     | Found a large runed door.
  9857 | D:12     | Noticed a purple ugly thing
  9866 | D:12     | Killed a purple ugly thing
 10285 | D:12     | Noticed a two-headed ogre
 10292 | D:12     | Killed a two-headed ogre
 10356 | D:12     | Found a large runed door.
 10356 | D:12     | Found a large runed door.
 10367 | D:12     | Reached skill level 10 in Fighting
 10401 | D:12     | Noticed a white ugly thing
 10405 | D:12     | Killed a white ugly thing
 10437 | D:12     | Noticed a centaur warrior
 10636 | D:12     | Killed a centaur warrior
 10651 | D:12     | Paralysed by fainting for 7 turns
 10658 | D:12     | Paralysed by fainting for 11 turns
 10682 | D:12     | Paralysed by fainting for 12 turns
 10808 | D:13     | Noticed an enchanted long sword
 10819 | D:13     | Killed an enchanted long sword
 10819 | D:13     | Reached XP level 12. HP: 106/106 MP: 3/11
 10820 | D:13     | Found a gate to the Vaults.
 10827 | D:13     | Reached skill level 16 in Axes
 10931 | Lair:1   | Entered Level 1 of the Lair of Beasts
 11035 | Lair:1   | Noticed a seven-headed hydra
 11044 | Lair:1   | Received a gift from Trog
 11053 | Lair:1   | Killed a seven-headed hydra
 11515 | Lair:1   | Noticed an eight-headed hydra
 11523 | Lair:1   | Killed an eight-headed hydra
 12432 | Lair:2   | Received a gift from Trog
 12436 | Lair:2   | Reached skill level 10 in Bows
 12556 | Lair:2   | Noticed a catoblepas
 12572 | Lair:2   | Killed a catoblepas
 12572 | Lair:2   | Reached skill level 10 in Armour
 12617 | Lair:2   | Noticed a five-headed hydra
 12918 | Lair:2   | Reached skill level 17 in Axes
 12930 | Lair:2   | Killed a five-headed hydra
 13554 | Lair:3   | Reached XP level 13. HP: 116/116 MP: 12/12
 13599 | Lair:3   | Got a steaming scale mail
 13624 | Lair:3   | Identified the +4 scale mail "Axeobb" {*Drain *Slow MR+
                  | Str+4 Dex+5} (You found it on level 3 of the Lair of
                  | Beasts)
 14223 | Lair:3   | You fall through a shaft for 2 floors!
 14928 | Lair:5   | Found a staircase to the Slime Pits.
 15478 | Lair:4   | Received a gift from Trog
 15843 | Lair:4   | Found a hole to the Spider Nest.
 16107 | Lair:4   | Found a staircase to the Swamp.
 16851 | Lair:5   | Reached skill level 18 in Axes
 17540 | Lair:6   | Entered Level 6 of the Lair of Beasts
 17540 | Lair:6   | Found a white marble altar of Elyvilon.
 17707 | Lair:6   | Received a gift from Trog
 17827 | Lair:6   | Reached XP level 14. HP: 56/126 MP: 4/13
 18266 | Lair:6   | Received a gift from Trog
 19687 | Lair:6   | Found a runed door.
 19877 | Lair:6   | Reached skill level 19 in Axes
 20854 | Orc:1    | Entered Level 1 of the Orcish Mines
 20859 | Orc:1    | Received a gift from Trog
 21322 | Orc:1    | Found a dark tunnel.
 21360 | Volcano  | Entered a volcano
 21374 | Volcano  | Received a gift from Trog
 22637 | Orc:2    | Entered Level 2 of the Orcish Mines
 23039 | Orc:2    | Noticed an orc warlord
 23130 | Orc:2    | Received a gift from Trog
 23138 | Orc:1    | Killed an orc warlord
 23183 | Orc:2    | Noticed Sonja
 23205 | Orc:1    | Killed Sonja
 23205 | Orc:1    | Reached XP level 15. HP: 23/135 MP: 4/14
 24171 | Orc:1    | Received a gift from Trog
 24306 | Orc:2    | Found a staircase to the Elven Halls.
 24418 | Orc:2    | Found a burning altar of Makhleb.
 24745 | Orc:2    | Received a gift from Trog
 24914 | Orc:2    | Found Koukka's Food Shop.
 24920 | Orc:2    | Found Kebaitzy's General Store.
 25379 | Orc:2    | Paralysed by an orc sorcerer for 2 turns
 25397 | Orc:2    | Received a gift from Trog
 25400 | Orc:2    | Reached skill level 15 in Bows
 25706 | Orc:2    | Found Oxan's Book Shoppe.
 25706 | Orc:2    | Found a one-way gate leading to the halls of Pandemonium.
 25706 | Orc:2    | Found Sielip's Antique Armour Emporium.
 25834 | D:13     | Reached skill level 20 in Axes
 26418 | D:13     | Received a gift from Trog
 26981 | D:14     | Noticed Louise
 27018 | D:14     | Killed Louise
 27106 | D:14     | Noticed Nessos
 27121 | D:14     | Killed Nessos
 27155 | D:14     | Found a flagged portal.
 27176 | Bailey   | Entered a bailey
 27496 | Bailey   | Received a gift from Trog
 27682 | Bailey   | Received a gift from Trog
 27771 | Bailey   | Noticed an orc warlord
 27779 | Bailey   | Received a gift from Trog
 27790 | Bailey   | Killed an orc warlord
 28446 | D:14     | Noticed Josephine
 28455 | D:14     | Killed Josephine
 28924 | D:15     | Entered Level 15 of the Dungeon
 29269 | D:15     | Received a gift from Trog
 29273 | D:15     | Reached XP level 16. HP: 99/145 MP: 5/15
 29600 | D:15     | Received a gift from Trog
 29979 | D:15     | Found a staircase to the Depths.
 30422 | Swamp:1  | Entered Level 1 of the Swamp
 30922 | Swamp:1  | Reached skill level 1 in Spellcasting
 30922 | Swamp:1  | Reached skill level 1 in Evocations
 30922 | Swamp:1  | Reached XP level 17. HP: 53/152 MP: 5/17
 30923 | Swamp:1  | Reached skill level 21 in Axes
 30923 | Swamp:1  | Reached XP level 18. HP: 57/161 MP: 6/18
 30924 | Swamp:1  | Reached XP level 19. HP: 60/168 MP: 6/19
 31302 | Swamp:1  | Received a gift from Trog
 31772 | Swamp:2  | Noticed Frances
 31794 | Swamp:2  | Killed Frances
 31931 | Swamp:2  | Got a steaming scale mail
 31933 | Swamp:2  | Identified the +2 scale mail of Instinct {Regen+ Slay+2}
                  | (You found it on level 2 of the Swamp)
 32993 | Swamp:3  | Received a gift from Trog
 33427 | Swamp:3  | Reached skill level 15 in Fighting
 34002 | Swamp:4  | Entered Level 4 of the Swamp
 34200 | Swamp:3  | Noticed Nikola
 34216 | Swamp:3  | Killed Nikola
 34689 | Swamp:3  | Got a pair of jewelled boots
 34700 | Swamp:3  | Identified the +1 pair of boots of Kefy {rC++ MR- rCorr
                  | Int+9} (You found it on level 3 of the Swamp)
 34965 | Swamp:4  | Received a gift from Trog
 36473 | Swamp:4  | Got a decaying rune of Zot
 36865 | Spider:1 | Entered Level 1 of the Spider Nest
 37024 | Spider:1 | Reached XP level 20. HP: 176/179 MP: 6/20
 37030 | Spider:1 | Received a gift from Trog
 37314 | Spider:1 | Found a runed gate.
 37323 | Spider:1 | Found a runed gate.
 37323 | Spider:1 | Found a runed gate.
 37412 | Spider:1 | Got a faintly humming hat
 37423 | Spider:1 | Identified the +0 hat of Okhiut {rPois rN+ Int-5} (You
                  | found it on level 1 of the Spider Nest)
 37728 | Spider:1 | Noticed Zuproetha's ghost (adept DsWn)
 37946 | Spider:1 | Killed Zuproetha's ghost
 38291 | Spider:1 | Identified Moarphycla's Catalogue of the Warped Volcanoes
 38314 | Spider:2 | Received a gift from Trog
 38842 | Spider:2 | Received a gift from Trog
 38882 | Spider:2 | Got a brightly glowing battleaxe {god gift}
 38886 | Spider:2 | Identified the +8 battleaxe "Ihoebb" {flame, rPois rF+
                  | SInv} (Trog gifted it to you on level 2 of the Spider Nest)
 39552 | Spider:2 | Identified a scroll of acquirement
 39556 | Spider:2 | Got a flickering bone ring
 39558 | Spider:2 | Identified the ring of Gioh {MP-9 Str+4 Int+3 Stlth+} (You
                  | acquired it on level 2 of the Spider Nest)
 40078 | Spider:3 | Reached skill level 22 in Axes
 40133 | Spider:3 | Got an ichor-stained glaive
 40134 | Spider:3 | Identified the +5 glaive "Killer Bee's Curse" {venom, rPois
                  | rF+ MR-} (You found it on level 3 of the Spider Nest)
 40647 | Spider:3 | Noticed Azrael
 40661 | Spider:3 | Killed Azrael
 40681 | Spider:3 | Received a gift from Trog
 41042 | Spider:4 | Entered Level 4 of the Spider Nest
 41054 | Spider:4 | Identified Roxanne's Disquisition on Changing
 41054 | Spider:4 | Noticed Roxanne
 41074 | Spider:4 | Killed Roxanne
 41395 | Spider:4 | Found a runed gate.
 41395 | Spider:4 | Found a runed gate.
 41395 | Spider:4 | Found a runed gate.
 41403 | Spider:4 | Noticed eyesofgods1's ghost (adept DsGl)
 41641 | Spider:4 | Killed eyesofgods1's ghost
 41686 | Spider:4 | Got a heavily runed silver ring
 41700 | Spider:4 | Identified the ring "Pionlas" {rC+ Int+4 SInv} (You found
                  | it on level 4 of the Spider Nest)
 41802 | Spider:4 | Received a gift from Trog
 42277 | Spider:4 | Received a gift from Trog
 42375 | Spider:4 | Got a gossamer rune of Zot
 42717 | Vaults:1 | Entered Level 1 of the Vaults
 43016 | Vaults:1 | Received a gift from Trog
 43090 | Vaults:1 | Noticed Saint Roka
 43106 | Vaults:1 | Killed Saint Roka
 43106 | Vaults:1 | Reached XP level 21. HP: 191/191 MP: 12/21
 43353 | Vaults:1 | Reached skill level 23 in Axes
 43363 | Vaults:1 | HP: 13/288 [yaktaur[a vault warden] (11)]
 43371 | Vaults:1 | Mangled by an orc knight

Vault maps used:
D:1:      eino_arrival_water_cross, chequers_mini_garden, lemuel_flame_loot_1
D:2:      kennysheep_vampire_church, old_standard_altar, cheibriados_altar_1
D:3:      nicolae_gozag_seed_capital, chequers_serial_rivers_marsh
D:4:      chequers_temple_overflow_statue_of_worship, first_ration,
          kennysheep_generic_room_7
D:5:      nicolae_overflow_crystal_walls, basic_altar, uniq_duvessa,
          uniq_grinder
D:6:      elyvilon_altar_4, trog_eyes_of_draining, temple_hall_moat,
          serial_rivers, chequers_serial_rivers_room_b,
          chequers_serial_rivers_marsh, chequers_serial_rivers_micro_d,
          chequers_serial_rivers_small_a
D:8:      blue_anna_alchemist
D:9:      nicolae_ru_path_of_blood, ebering_ghost_reflecting_pool, serial_shops,
          shop, uniq_erolcha
D:10:     lair_entry_dummy, serial_shops, shop, nicolae_shop_behind_doors
D:11:     serial_shops, nicolae_shop_crystal
D:12:     zombieorc2_lemuel, minmay_hollow_rounded_squares
D:13:     erik_vaults_1, lemuel_flamethrower_2
D:14:     enter_bailey_2, hangedman_abyss_or_decor_slice, uniq_josephine,
          uniq_louise, uniq_nessos
D:15:     grunt_enter_depths_snipers, palyth_stone_intersect,
          chequers_serial_rivers_micro_c
Lair:1:   beast_lair_carwin_large_1
Lair:2:   minmay_lair_oklob_chamber, lemuel_fruit_fields,
          infiniplex_staircase_pool_2
Lair:3:   minivault_11, grunt_megastairs_2
Lair:4:   nicolae_swamp_entry_splash_gauntlet, spider_nest_entry_web_field,
          infiniplex_staircase_pool
Lair:5:   minmay_slime_entry_oklob_enclosed
Lair:6:   wormcave, guppyfry_lair_end_dragon, basic_altar
Swamp:1:  evilmike_swamp_ruin_house_2, swamp_pool3, grunt_witch_cave
Swamp:2:  evilmike_swamp_ruin_rubble_1, uniq_frances
Swamp:3:  evilmike_swamp_ruin_house_5, uniq_nikola
Swamp:4:  swamp
Spider:1: gammafunk_ghost_split, guppyfry_spider_mini_2
Spider:2: nicolae_orb_stairs
Spider:3: uniq_azrael
Spider:4: spider_rune_water, gammafunk_ghost_necromancy, guppyfry_hornet_nest,
          uniq_roxanne
Orc:1:    nicolae_volcano_entry_two_sided
Orc:2:    pf_orc_diabolical, basic_altar, uniq_sonja
Vaults:1: v_misc_28, vaults_standard_mumra_x, ontoclasm_vaults_chip, v_misc_9,
          nicolae_vaults_little_squares_6, v_rooms_2, hangedman_vaults_impose,
          nicolae_vaults_ninety_degrees, vaults_dpeg_hooks, v_misc_19,
          nicolae_vaults_rhombus_5, vaults_room_door_ring, uniq_saint_roka
Bailey:   bailey_axe_minmay_hex_keep, bailey
Volcano:  volcano_aerie

Skill      XL: |  1  2  3  4  5  6  7  8  9 10 11 12 13 14 15 16 17 18 19 20 21 |
---------------+----------------------------------------------------------------+-----
Axes           | 4 5 6 7 8 10 12 14 15 17 18 19 20 21 22 23 | 23.0
Fighting       | 4 5 6 7 8 9 10 11 12 13 14 15 17 | 17.5
Armour         | 3 4 5 6 7 8 9 10 11 12 14 | 14.2
Dodging        | 3 4 5 6 7 |  7.0
Stealth        | 1 2 3 |  3.6
Bows           | 1 5 8 10 12 14 16 17 19 20 | 20.8
Spellcasting   | 1 |  1.1
Evocations     | 1 |  1.4

Action                   |  1- 3 |  4- 6 |  7- 9 | 10-12 | 13-15 | 16-18 | 19-21 || total
-------------------------+-------+-------+-------+-------+-------+-------+-------++-------
Melee: Hand axe          |    95 |   153 |   150 |       |       |       |       ||   398
       Headbutt          |     7 |    27 |    73 |    82 |   179 |    12 |   135 ||   515
       War axe           |       |       |   174 |   119 |       |       |       ||   293
       Battleaxe         |       |       |       |   295 |   583 |    38 |   503 ||  1419
       Longbow           |       |       |       |       |       |     1 |     2 ||     3
 Fire: Shortbow          |       |       |    14 |   105 |       |       |       ||   119
       Longbow           |       |       |       |   168 |   698 |   130 |   866 ||  1862
Invok: Berserk           |     1 |     1 |     9 |     7 |    15 |       |     8 ||    41
       Trog's Hand       |     2 |       |     1 |       |     1 |       |     2 ||     6
       Brothers in Arms  |       |       |       |     2 |     3 |       |     1 ||     6
Evoke: Wand              |       |       |       |       |       |       |     2 ||     2
  Use: Scroll            |       |       |       |       |    31 |       |    14 ||    45
       Potion            |       |       |       |       |     2 |     4 |     1 ||     7
  Eat: Chunk             |     2 |     6 |    19 |    26 |    46 |     6 |    33 ||   138
       Ration            |       |       |     1 |     2 |     5 |       |     4 ||    12
Armor: Ring mail         |    35 |    32 |       |    19 |       |       |       ||    86
       Scale mail        |       |    15 |    66 |       |   242 |    19 |    49 ||   391
       Plate armour      |       |       |    56 |   181 |     1 |       |   378 ||   616
Dodge: Dodged            |    70 |    74 |   135 |   172 |   417 |    32 |   373 ||  1273

Table legend:
 A = Non-vault XP
 B = Vault XP
 C = Vault XP percentage of total XP
 D = Non-vault monster count
 E = Vault monster count
 F = Vault count percentage of total count
                 A         B        C        D         E       F
            +---------+---------+-------+---------+---------+-------
      Total |  226716 |  150104 |  39.8 |    1001 |     433 |  30.2
            +---------+---------+-------+---------+---------+-------
        D:1 |      35 |       0 |   0.0 |      20 |       0 |   0.0
        D:2 |      80 |     122 |  60.4 |      30 |       7 |  18.9
        D:3 |     263 |       0 |   0.0 |      30 |       0 |   0.0
        D:4 |     333 |       0 |   0.0 |      22 |       0 |   0.0
        D:5 |     451 |     504 |  52.8 |      18 |       3 |  14.3
        D:6 |     524 |     376 |  41.8 |      20 |       3 |  13.0
        D:7 |    1077 |       0 |   0.0 |      28 |       0 |   0.0
        D:8 |    1258 |     103 |   7.6 |      21 |       1 |   4.5
        D:9 |    1646 |    1400 |  46.0 |      30 |       2 |   6.2
       D:10 |    2291 |       0 |   0.0 |      23 |       0 |   0.0
       D:11 |    1885 |       0 |   0.0 |      16 |       0 |   0.0
       D:12 |    3772 |    5721 |  60.3 |      39 |      52 |  57.1
       D:13 |    4996 |    1808 |  26.6 |      26 |       2 |   7.1
       D:14 |   10664 |    5040 |  32.1 |      37 |       8 |  17.8
       D:15 |   14414 |    2323 |  13.9 |      38 |       3 |   7.3
     Lair:1 |    6159 |    1384 |  18.3 |      27 |       9 |  25.0
     Lair:2 |    6607 |    1893 |  22.3 |      21 |       5 |  19.2
     Lair:3 |    3485 |     221 |   6.0 |      15 |       2 |  11.8
     Lair:4 |    3880 |     484 |  11.1 |      19 |       3 |  13.6
     Lair:5 |    9177 |    1627 |  15.1 |      36 |       3 |   7.7
     Lair:6 |   16686 |   12300 |  42.4 |      51 |      36 |  41.4
    Swamp:1 |    9583 |    3545 |  27.0 |      35 |       4 |  10.3
    Swamp:2 |   13125 |    2272 |  14.8 |      36 |       1 |   2.7
    Swamp:3 |   18111 |    3809 |  17.4 |      40 |       1 |   2.4
    Swamp:4 |    9310 |   18962 |  67.1 |      21 |      28 |  57.1
   Spider:1 |   10564 |    6108 |  36.6 |      38 |      13 |  25.5
   Spider:2 |    9439 |    3393 |  26.4 |      28 |       6 |  17.6
   Spider:3 |   21317 |    2524 |  10.6 |      59 |       8 |  11.9
   Spider:4 |   12616 |   29978 |  70.4 |      27 |      55 |  67.1
      Orc:1 |    7834 |     814 |   9.4 |      62 |       1 |   1.6
      Orc:2 |    4691 |   14047 |  75.0 |      56 |      58 |  50.9
   Vaults:1 |   20443 |   20271 |  49.8 |      32 |      34 |  51.5
     Bailey |       0 |    4204 | 100.0 |       0 |      69 | 100.0
    Volcano |       0 |    4871 | 100.0 |       0 |      16 | 100.0
            +---------+---------+-------+---------+---------+-------
